 Dungeon Crawl Stone Soup version 0.30.0-19-g36f170ea60 (webtiles) character file.

Game seed: 441826417523772209

7095 banonogon the Cleaver (level 10, -7/136 HPs)
             Began as a Minotaur Fighter on May 29, 2023.
             Mangled by Erolcha
             ... wielding a +3 spectral giant spiked club
              (19 damage)
             ... on level 8 of the Dungeon.
             The game lasted 00:35:15 (6492 turns).

banonogon the Cleaver (Minotaur Fighter)            Turns: 6492, Time: 00:35:16

Health: -7/136     AC: 29    Str: 25    XL:     10   Next: 84%
Magic:  9/9        EV:  2    Int:  5    God:
Gold:   471        SH: 10    Dex: 10    Spells: 9/9 levels left

rFire   . . .        e - +2 hand axe (freeze)
rCold   . . .        c - +0 buckler
rNeg    . . .        n - melded +0 plate armour
rPois   +            (helmet currently unavailable)
rElec   .            C - melded +2 cloak
rCorr   .            D - melded +0 pair of gloves
SInv    .            f - melded +1 pair of boots
Will    .....        U - amulet of reflection
Stlth   ++           B - +4 ring of protection
HPRegen 0.42/turn    J - +5 ring of evasion
MPRegen 0.11/turn

%: reflection
@: tree-form
A: stationary, stasis, torment immunity, boosted hp, (horns 2), (retaliatory
headbutt)
a: no special abilities


You were on level 8 of the Dungeon.
You were a tree.
You visited 1 branch of the dungeon, and saw 9 of its levels.

You collected 471 gold pieces.

Inventory:

Hand Weapons
 a - a +1 war axe
 e - a +2 hand axe of freezing (weapon)
 g - a +0 long sword
 r - a +0 vampiric scythe
 w - a +2 dagger of venom
 K - a +2 short sword of electrocution
Missiles
 R - 4 atropa-tipped darts (quivered)
 S - 12 poisoned darts
Armour
 b - a +0 scale mail
 c - a +0 buckler (worn)
 f - a +1 pair of boots (melded)
 i - a +1 chain mail of cold resistance
 n - a +0 plate armour (melded)
 o - a +0 ring mail
 A - a +2 robe of resistance
 C - a +2 cloak (melded)
 D - a +0 pair of gloves (melded)
 M - +0 steam dragon scales
 N - a scarf of shadows
Magical Staves
 I - a staff of cold
Jewellery
 B - a +4 ring of protection (left branch)
 H - a ring of ice
 J - a +5 ring of evasion (right branch)
 L - a ring of magical power
 U - an amulet of reflection (around neck)
 V - a ring of protection from cold
 W - a ring of willpower
Wands
 h - a wand of charming (15)
 k - a wand of flame (35)
 y - a wand of roots (3)
 z - a wand of polymorph (4)
 E - a wand of quicksilver (21)
 T - a wand of digging (1)
Scrolls
 j - 3 scrolls of amnesia
 l - 3 scrolls of fog
 q - 3 scrolls of teleportation
 t - a scroll of blinking
 G - a scroll of enchant armour
 O - a scroll of immolation
Potions
 d - 2 potions of might
 m - a potion of magic
 p - 2 potions of brilliance
 s - a potion of attraction
 u - 2 potions of curing
 v - 2 potions of flight
 x - a potion of haste
 P - 2 potions of lignification
 Q - a potion of mutation {unknown}


   Skills:
 + Level 9.1 Fighting
 + Level 13.4 Axes
 + Level 10.4 Armour
 + Level 1.7 Dodging
 + Level 2.5 Stealth
 + Level 7.2 Shields


You had 9 spell levels left.
You didn't know any spells.
Your spell library contained the following spells:

 Spells                   Type           Power      Damage    Failure   Level
 Magic Dart               Conj           0%         1d3       52%         1
 Call Imp                 Summ           0%         N/A       67%         2
 Mephitic Cloud           Conj/Pois/Air  0%         N/A       88%         3
 Stone Arrow              Conj/Erth      0%         3d7       88%         3
 Animate Armour           Summ/Erth      0%         N/A       99%         4
 Borgnjor's Revivificati  Necr           0%         N/A       100%        8
 Lehudib's Crystal Spear  Conj/Erth      0%         10d2      100%        8
 Necromutation            Tmut/Necr      0%         N/A       100%        8
 Death's Door             Necr           0%         N/A       100%        9


Dungeon Overview and Level Annotations

Branches:
Dungeon (9/15)
 Temple: D:4-7         Lair: D:8-11         Orc: D:9-12

Altars:
Cheibriados
Fedhas
Gozag
Nemelex Xobeh
Sif Muna
Trog
Yredelemnul
Zin
The Shining One

Portals:
Bailey: D:9

Annotations:
D:8 Erolcha


Innate Abilities, Weirdness & Mutations

You are a tree.
Your roots penetrate the ground, keeping you stationary.
You cannot be teleported.
You are immune to unholy pain and torment.
Your maximum health is greatly increased.
Your equipment is partially melded.
((You have a pair of horns on your head.))
((You reflexively headbutt those who attack you in melee.))


Message History

You kill the troll!
The troll leather armour is intact enough to wear.
Your life force feels restored.
Press: ? - help, v - describe, . - travel, g - get item
Items here: a +0 troll leather armour; a troll corpse.
The floor.
You can't go down here!
Aiming: Throw Flame
Press: ? - help, Shift-Dir - straight line You slash something!
You freeze something. Your headbutt misses something. Something hits you!
You hit something but do no damage. Your headbutt misses something.
You hit something. You freeze something. Your headbutt misses something.
You block something's attack.
You hit something. You freeze something. Your headbutt misses something.
You hit something but do no damage. Something hits you!!
* * * LOW HITPOINT WARNING * * *
Okay, then.
Really quaff the potion of lignification?
Uppercase [Y]es or [N]o only, please.
Really quaff the potion of lignification?
You turn into a tree.
Your +2 cloak melds into your body.
Your +0 pair of gloves melds into your body.
Your +1 pair of boots melds into your body.
Your +0 plate armour melds into your body.
Your roots penetrate the ground.
You cannot move.
You cannot move.
Cleave: e) +2 hand axe (freeze)
Press: ? - help, Dir - move target You miss something.
Something hits you.
* * * LOW HITPOINT WARNING * * *
Okay, then.
Cleave: e) +2 hand axe (freeze)
Press: ? - help, Dir - move target You hit something.
You freeze something.
Cleave: e) +2 hand axe (freeze)
Press: ? - help, Dir - move target You barely miss something.
Something hits you!!
You die...

#..# #..## ##.## #...#.# ##.#
##...## #.# #...... #.# ##.....##
#.# #...#.. #.# ##.......## ##+##
#####.. #.# #.........# ##...##
#.. #.# ##.......####.....## ##.
##.# ##.......####.......## ##.
##.####....>..####.........####..
...............{♣'.........'.....
##.####..##...####.........####..
#...# #..##...# ##.......## ##.
....# #..##.#.# ##.....## ##
#...# #..##.#.# ##...## #####
#.......# ##'## #####.### #.# #
#.# #.# # #.# ##.## #


There were no monsters in sight!

Vanquished Creatures
  A two-headed ogre (D:8)
  The ghost of sampeng1 the Cleaver, a novice MiBe of Trog (D:8)
  Joseph (D:7)
  A troll (D:8)
  Grinder (D:6)
  Sigmund (D:4)
  A wyvern (D:8)
  6 yaks (D:8)
  The ghost of cheesebisquit the Chopper, an amateur HOFi (D:3)
  A steam dragon (D:7)
  5 orc warriors
  2 black bears (D:7)
  4 ice beasts
  A sky beast (D:7)
  3 ogres
  4 centaurs (D:7)
  2 phantoms
  Blork the orc (D:6)
  8 bullfrogs
  A gnoll sergeant (D:7)
  5 wights (D:7)
  A scorpion (D:4)
  6 killer bees (D:7)
  A howler monkey (D:7)
  2 jellies
  5 orc priests
  A gnoll bouda (D:6)
  A hound (D:5)
  3 sleepcaps
  Ijyb (D:3)
  3 iguanas
  4 orc wizards
  7 gnolls
  6 adders
  A white imp (D:5)
  2 worms
  A dart slug (D:5)
  31 orcs
  5 endoplasms
  4 giant cockroaches
  A goblin (D:4)
  4 hobgoblins
  3 jackals (D:4)
  2 kobolds (D:4)
  A quokka (D:4)
  4 ball pythons
  3 bats (D:2)
  2 frilled lizards (D:1)
  3 rats
159 creatures vanquished.

Vanquished Creatures (others)
  2 orcs
2 creatures vanquished.

Grand Total: 161 creatures vanquished

Notes
Turn   | Place    | Note
-------+----------+-------------------------------------------
     0 | D:1      | banonogon the Minotaur Fighter began the quest for the Orb.
     0 | D:1      | Reached XP level 1. HP: 19/19 MP: 0/0
   500 | D:2      | Reached XP level 2. HP: 25/27 MP: 1/1
   671 | D:2      | Reached XP level 3. HP: 33/33 MP: 2/2
  1165 | D:3      | Reached skill level 3 in Axes
  1177 | D:3      | Found a bloodstained altar of Trog.
  1262 | D:3      | Reached XP level 4. HP: 30/41 MP: 3/3
  1279 | D:3      | Found a glowing golden altar of the Shining One.
  1435 | D:3      | Found a runed translucent door.
  1436 | D:3      | Noticed cheesebisquit's ghost (amateur HOFi)
  1457 | D:3      | Killed cheesebisquit's ghost
  1458 | D:3      | Reached skill level 5 in Fighting
  1458 | D:3      | Reached skill level 4 in Axes
  1458 | D:3      | Reached skill level 1 in Dodging
  1458 | D:3      | Reached XP level 5. HP: 27/48 MP: 4/4
  1536 | D:3      | Noticed Ijyb
  1541 | D:3      | Killed Ijyb
  1542 | D:3      | Reached XP level 6. HP: 49/56 MP: 5/5
  1756 | D:4      | Reached skill level 5 in Axes
  1989 | D:4      | Reached skill level 5 in Armour
  2339 | D:4      | Noticed Sigmund
  2354 | D:4      | Killed Sigmund
  2355 | D:4      | Reached skill level 6 in Axes
  2355 | D:4      | Reached XP level 7. HP: 55/61 MP: 6/6
  2373 | D:4      | Found a basalt altar of Yredelemnul.
  2444 | D:5      | Entered Level 5 of the Dungeon
  2507 | D:5      | Reached skill level 7 in Axes
  2889 | D:5      | Reached skill level 5 in Shields
  2889 | D:5      | Reached XP level 8. HP: 69/70 MP: 7/7
  2914 | D:6      | Reached skill level 8 in Axes
  2971 | D:6      | Noticed Grinder
  2972 | D:6      | Paralysed by Grinder for 4 turns
  2981 | D:6      | Killed Grinder
  3015 | D:6      | Noticed Blork the orc
  3026 | D:6      | Killed Blork the orc
  3457 | D:6      | Found a snail-covered altar of Cheibriados.
  3457 | D:6      | Found a sparkling altar of Nemelex Xobeh.
  3573 | D:6      | Reached skill level 9 in Axes
  3747 | D:6      | Found a shimmering blue altar of Sif Muna.
  4043 | D:7      | Reached XP level 9. HP: 78/78 MP: 8/8
  4183 | D:7      | Reached skill level 10 in Axes
  4446 | D:7      | Reached skill level 11 in Axes
  4458 | D:7      | Found a blossoming altar of Fedhas.
  4539 | D:7      | Noticed Joseph
  4554 | D:7      | Killed Joseph
  4784 | D:7      | Reached skill level 12 in Axes
  4829 | D:7      | Reached XP level 10. HP: 79/86 MP: 9/9
  4913 | D:7      | Reached skill level 1 in Stealth
  5484 | D:8      | Reached skill level 10 in Armour
  5816 | D:8      | Noticed a two-headed ogre
  5829 | D:8      | Killed a two-headed ogre
  5830 | D:8      | Reached skill level 13 in Axes
  5910 | D:8      | Found an opulent altar of Gozag.
  6035 | D:8      | Found a glowing silver altar of Zin.
  6141 | D:8      | Found a runed translucent door.
  6142 | D:8      | Noticed sampeng1's ghost (novice MiBe)
  6162 | D:8      | Killed sampeng1's ghost
  6446 | D:9      | Found a flagged portal.
  6451 | D:9      | Noticed Erolcha
  6492 | D:8      | Mangled by Erolcha

Illustrated notes

Levels and vault maps discovered:
D:1:      minmay_arrival_hallway, layout_loops_ring
D:2:      layout_loops_corners, serial_aquarium, aquarium_bridge_island_large
          [aquarium_subvault_large_open, aquarium_subvault_bridge,
          aquarium_subvault_bridge, aquarium_subvault_bridge,
          aquarium_subvault_bridge], aquarium_window_3, aquarium_window_2,
          aquarium_window_1, aquarium_view_2c, aquarium_view_2c,
          aquarium_balcony_1b
D:3:      layout_rooms, tso_oasis_becter, trog_book,
          ebering_ghost_reflecting_pool, uniq_ijyb
D:4:      minmay_door_path, layout_cave_pods, overflow_temple_1_default,
          minmay_temple_entry_statues, minmay_misc_feat_five, uniq_sigmund
D:5:      layout_loops_ring, nicolae_dithmenos_the_darkroom,
          okawaru_altar_gauntlet_db, cheibrodos_gnoll_hut
D:6:      layout_cave_pods, nicolae_sif_muna_condensation,
          chequers_temple_overflow_statue_of_worship, uniq_blork_the_orc,
          uniq_grinder
D:7:      minmay_thinvault, layout_gridville, overflow_temple_1_default,
          uniq_joseph
D:8:      layout_loops_corners, pdpol_temple_overflow_zin_treasury_gozag_greed,
          ebering_ghost_reflecting_pool
D:9:      layout_layer_cave, enter_bailey_2, uniq_erolcha

Skill      XL: |  1  2  3  4  5  6  7  8  9 10 |
---------------+-------------------------------+-----
Shields        | 4 5 6 7 |  7.2
Armour         | 4 5 6 8 9 10 | 10.4
Axes           | 3 4 6 7 9 12 13 | 13.4
Fighting       | 4 5 6 7 9 |  9.1
Dodging        | 1 |  1.7
Stealth        | 2 |  2.5

Action                     |  1- 3 |  4- 6 |  7- 9 | 10-12 || total
---------------------------+-------+-------+-------+-------++-------
  Melee: War axe           |    49 |       |       |       ||    49
         Headbutt          |     8 |    10 |    42 |    32 ||    92
         Hand axe          |    12 |    77 |   263 |   153 ||   505
  Evoke: Wand              |       |       |       |     2 ||     2
    Use: Potion            |     6 |     1 |     1 |     3 ||    11
         Scroll            |     6 |     5 |     1 |     1 ||    13
   Stab: Invisible         |       |       |     5 |       ||     5
 Armour: Scale mail        |    26 |       |       |       ||    26
         Chain mail        |    15 |    15 |       |       ||    30
         Plate armour      |       |    29 |    98 |    45 ||   172
  Dodge: Dodged            |    37 |    15 |    90 |    43 ||   185
  Block: Buckler           |    16 |     2 |    42 |    45 ||   105
